Map: Seething Jungle

Players

Grumm - Winner!

  • Race: Zerg Zerg
  • League: Gold
  • Spawn Location: 12:00

MZX - Winner!

  • Race: Protoss Protoss
  • Spawn Location: 1:00

THEone

  • Race: Terran Terran
  • League: Gold
  • Spawn Location: 6:00

Zimo

  • Race: Zerg Zerg
  • League: Gold
  • Spawn Location: 7:00

VOD

Have the link to the VOD?

Description

Time

  • Played on: Feb. 17, 2016, 3:26 a.m.
  • Length: 16:45
Show
View Real Time Build Order
Export as new Build Order

Grumm Zerg - Winner!

Build Orders: Hatch First 

Get SALT Encoding   

  12  0:29  Hatchery  
  12  0:35  Drone x2  
  13  0:41  Extractor  
  12  0:45  Drone  
  12  0:49  Drone  
  14  1:10  Spawning Pool  
  13  1:13  Drone  
  14  1:20  Overlord  
  14  1:41  Drone x3, Extractor  
  14  1:45  Drone  
  17  1:54  Drone x2  
  19  2:05  Lair  
  19  2:20  Drone x3  
  22  2:32  Drone x2  
  22  2:36  Drone  
  25  2:53  Overlord  
  25  2:56  Drone x3  
  28  3:02  Evolution Chamber  
  27  3:06  Infestation Pit  
  27  3:08  Drone x2  
  28  3:15  Queen  
  30  3:23  Drone x3  
  33  3:27  Overlord  
  33  3:33  Zerg Melee Weapons Level 1  
  33  3:43  Hive  
  33  3:46  Overlord  
  33  3:48  Drone  
  33  3:54  Extractor  
  33  3:57  Drone x2  
  33  3:58  Drone x2, Extractor  
  36  4:04  Queen  
  38  4:25  Drone  
  38  4:26  Drone x8  
  47  4:55  Ultralisk Cavern  
  46  5:01  Evolution Chamber  
  46  5:05  Drone x2  
  47  5:08  Drone  
  48  5:15  Overlord  
  48  5:17  Overlord  
  48  5:18  Overlord  
  48  5:27  Zerg Ground Armor Level 1  
  48  5:43  Ultralisk  
  48  5:44  Ultralisk x3  
  72  5:50  Overlord  
  72  5:51  Overlord  
  72  6:06  Spine Crawler  
  72  6:11  Spore Crawler  
  70  6:14  Chitinous Plating, Spore Crawler  
  69  6:18  Zerg Melee Weapons Level 2  
  69  6:22  Ultralisk  
  75  6:36  Overseer  
  75  6:42  Hydralisk Den  
  74  7:01  Ultralisk  
  80  7:02  Overlord  
  78  7:17  Ultralisk  
  84  7:28  Zergling x22  
  89  7:44  Muscular Augments  
  89  7:47  Overlord  
  89  7:50  Zerg Ground Armor Level 2  
  89  8:03  Metabolic Boost  
  89  8:13  Drone x3  
  89  8:14  Drone x3  
  95  8:37  Hatchery  
  95  8:39  Hatchery  
  93  8:48  Hydralisk x6  
  105  8:59  Zerg Melee Weapons Level 3  
  105  9:03  Hydralisk  
  105  9:07  Overlord  
  107  9:22  Overlord x2  
  107  9:44  Hydralisk  
  107  9:45  Hydralisk x5  
  109  9:52  Pneumatized Carapace  
  119  9:56  Overlord x2  
  119  9:57  Drone  
  119  9:58  Drone x6  
  126  10:13  Overlord  
  126  10:14  Hydralisk  
  126  10:15  Hydralisk x5  
  138  10:27  Extractor  
  137  10:29  Extractor  
  137  10:33  Overlord  
  137  10:35  Hydralisk x8  
  138  10:36  Extractor  
  138  10:37  Extractor  
  150  10:47  Nydus Network  
  149  11:12  Drone x12  
  161  11:38  Overseer  
  161  11:43  Overlord x2  
  161  11:49  Zerg Ground Armor Level 3, Zerg Missile Weapons Level 1  
  161  12:22  Nydus Canal  
  161  12:28  Ultralisk  
  161  12:29  Ultralisk x2  
  179  12:30  Overlord x2  
  164  13:10  Overlord x2  
  128  13:39  Ultralisk x8  
  170  13:47  Overseer x3  
  168  13:58  Spore Crawler  
  168  13:59  Spore Crawler  
  162  14:03  Spine Crawler  
  100  15:00  Zergling x14  
  100  15:01  Zergling x28  
  121  15:18  Queen x2  
  121  15:19  Spine Crawler  
  124  15:46  Hatchery  
Show
View Real Time Build Order
Export as new Build Order

MZX Protoss - Winner!

Build Orders:  

Get SALT Encoding   

  12  0:01  Probe (Chrono Boost)  
  13  0:11  Probe (Chrono Boost)  
  14  0:22  Probe (Chrono Boost)  
  14  0:25  Pylon  
  15  0:42  Assimilator  
  15  0:45  Gateway  
  15  0:46  Probe (Chrono Boost)  
  17  0:57  Probe (Chrono Boost)  
  17  1:07  Assimilator, Probe (Chrono Boost)  
  18  1:15  Pylon  
  18  1:18  Probe (Chrono Boost)  
  19  1:28  Probe (Chrono Boost)  
  19  1:32  Cybernetics Core  
  20  1:39  Probe (Chrono Boost)  
  21  1:43  Gateway  
  21  1:52  Gateway  
  21  2:09  Warp Gate (Chrono Boost)  
  21  2:20  Robotics Facility  
  21  2:43  Nexus  
  21  2:48  Pylon  
  21  2:58  Stalker  
  23  3:09  Observer  
  24  3:15  Pylon  
  24  3:19  Pylon  
  24  3:32  Mothership Core  
  26  3:43  Pylon  
  26  3:45  Pylon  
  26  3:56  Probe  
  27  4:06  Probe  
  28  4:11  Warp Prism (Chrono Boost)  
  30  4:17  Probe  
  31  4:25  Adept  
  31  4:26  Adept  
  31  4:27  Probe  
  31  4:31  Adept  
  38  4:38  Probe  
  39  4:49  Probe  
  40  4:53  Adept  
  40  4:59  Probe  
  42  5:06  Gateway  
  43  5:09  Gateway  
  43  5:11  Stargate  
  43  5:18  Probe  
  45  5:39  Adept x3  
  48  6:05  Adept x3  
  34  6:45  Stalker x5  
  44  6:50  Pylon  
  44  6:54  Pylon  
  44  7:14  Stalker x2  
  44  7:15  Stalker  
  50  7:16  Stalker  
  52  7:23  Stalker  
  54  7:53  Nexus  
  54  7:58  Pylon  
  54  8:11  Twilight Council  
  54  8:31  Stalker x2  
  58  8:59  Pylon  
  58  9:00  Pylon  
  58  9:03  Assimilator  
  58  9:23  Blink (Chrono Boost)  
  58  9:30  Gateway  
  58  9:39  Stalker x3  
  58  9:40  Stalker  
  58  9:42  Stalker  
  68  10:08  Probe  
  69  10:15  Gateway  
  69  10:17  Forge  
  69  10:18  Probe  
  70  10:22  Forge  
  70  10:24  Pylon  
  70  10:31  Pylon  
  70  10:33  Gateway  
  70  10:44  Stalker x3  
  70  10:46  Stalker  
  77  10:56  Protoss Ground Weapons Level 1 (Chrono Boost)  
  77  11:07  Oracle, Protoss Ground Armor Level 1 (Chrono Boost)  
  80  11:22  Pylon  
  80  11:24  Pylon  
  80  11:33  Stalker x3  
  80  11:36  Stalker  
  88  11:43  Oracle  
  91  12:17  Observer (Chrono Boost)  
  88  12:32  Stalker x7  
  88  12:37  Observer (Chrono Boost)  
  103  12:55  Observer (Chrono Boost)  
  86  13:28  Zealot x6  
  86  13:29  Zealot  
  76  13:52  Zealot x2  
  76  13:53  Zealot x5  
  52  14:04  Protoss Ground Armor Level 2  
  52  14:19  Robotics Bay  
  52  14:21  Protoss Ground Weapons Level 2  
  52  14:45  Charge  
  52  14:57  Nexus  
  52  14:59  Pylon  
  52  15:00  Pylon  
  52  15:10  Zealot x5  
  52  15:11  Zealot x2  
  66  15:26  Assimilator  
  66  15:50  Nexus  
Show
View Real Time Build Order
Export as new Build Order

THEone Terran 

Build Orders:  

Get SALT Encoding   

  12  0:03  SCV  
  13  0:15  SCV  
  14  0:32  Supply Depot, SCV  
  15  0:35  Refinery  
  15  0:57  SCV, Barracks  
  16  1:03  Refinery  
  16  1:09  SCV  
  17  1:21  SCV  
  18  1:28  Barracks  
  18  1:33  SCV  
  19  1:45  SCV  
  20  1:54  Supply Depot, Barracks Tech Lab  
  20  1:57  Orbital Command  
  20  2:30  SCV  
  21  2:39  Marauder  
  21  2:41  Barracks Reactor  
  21  2:42  SCV  
  24  2:46  Barracks  
  24  2:47  Supply Depot  
  24  2:54  SCV  
  25  3:00  Marauder  
  27  3:06  SCV  
  27  3:12  Combat Shields  
  28  3:16  Supply Depot  
  28  3:17  Marine  
  28  3:18  Marine  
  30  3:22  Marauder  
  32  3:29  SCV  
  33  3:35  Barracks Reactor  
  33  3:41  Factory, Marine  
  33  3:42  Marine  
  33  3:43  Marauder  
  33  3:46  Supply Depot  
  37  4:01  Marine x2  
  39  4:06  Engineering Bay  
  39  4:08  Marine  
  40  4:14  Marine x2  
  42  4:22  Marine x2  
  44  4:25  Marine  
  44  4:31  Concussive Shells  
  45  4:33  Factory Tech Lab  
  45  4:35  Starport  
  45  4:38  Marine x2  
  45  4:41  Terran Infantry Weapons Level 1  
  47  4:53  Marauder  
  47  4:54  Marine  
  47  4:55  Marine  
  51  5:05  Supply Depot  
  51  5:14  Command Center  
  51  5:30  Marauder, Marine  
  53  5:51  Marauder  
  55  5:58  Marine x2  
  57  6:17  Orbital Command  
  57  6:49  Refinery  
  57  7:01  SCV  
  58  7:11  Missile Turret  
  58  7:13  SCV  
  59  7:27  Marauder, Marine x3  
  59  7:28  Marine  
  46  7:58  Refinery  
  46  8:10  Banshee  
  46  8:11  Missile Turret  
  49  8:18  Ghost Academy  
  49  8:20  Marine x2  
  49  8:21  Marine x2  
  53  8:33  Terran Infantry Armor Level 1  
  53  8:36  Factory Tech Lab  
  53  8:37  SCV  
  54  8:43  Marauder  
  54  8:44  Marine x2  
  54  8:45  Marine x2  
  60  8:49  SCV  
  60  8:53  Banshee  
  64  9:01  SCV  
  64  9:02  Marine x3  
  66  9:03  Marine  
  66  9:04  Ghost  
  71  9:11  Orbital Command  
  71  9:13  SCV  
  72  9:20  Marine  
  73  9:25  SCV  
  74  9:32  Ghost  
  74  9:37  SCV  
  77  9:51  Cloaking Field  
  77  9:53  Personal Cloaking  
  77  9:55  SCV  
  78  10:07  Supply Depot  
  78  10:09  Supply Depot  
  78  10:18  Infernal Pre-Igniter  
  78  10:28  Banshee, Ghost  
  78  10:29  SCV x2  
  78  10:31  Missile Turret  
  85  10:36  Supply Depot  
  85  10:41  SCV x2  
  87  10:46  Marine  
  87  10:47  Marine x2  
  87  10:48  Starport, Marine  
  91  10:53  SCV  
  92  10:59  Marauder  
  94  11:07  Supply Depot, Marine  
  94  11:08  Marine  
  94  11:09  Marine x2  
  98  11:11  Siege Tank  
  101  11:21  Supply Depot  
  101  11:26  Starport Reactor  
  101  11:27  Marauder  
  101  11:28  Banshee  
  105  11:48  Marauder  
  105  11:52  Missile Turret  
  107  12:00  Marine x4  
  111  12:05  Supply Depot  
  111  12:08  Supply Depot  
  111  12:10  Marauder  
  113  12:18  Marine x4  
  117  12:26  Medivac  
  117  12:27  Medivac, Supply Depot  
  117  12:28  Medivac  
  123  12:31  Marauder  
  123  12:36  Marine x4  
  129  12:53  Marauder, Marine  
  129  12:54  Marine x3  
  114  13:13  Marine  
  63  13:44  Marauder, Marine x4  
  66  14:01  Marine  
  66  14:02  Marine x2  
  68  14:05  Marauder  
  65  14:16  Marine  
  61  14:18  SCV  
  61  14:19  Marine x3  
  65  14:26  Marauder  
  65  14:30  SCV  
  68  14:34  Marine  
  66  14:48  Marauder  
  68  14:56  Marine x4  
  72  15:01  Banshee  
  72  15:03  Siege Tank  
  78  15:09  Marauder  
  78  15:13  Marine  
  78  15:14  Marine x3  
  82  15:20  Command Center  
  84  15:27  Medivac x2  
  88  15:31  Marauder, Marine x2  
  88  15:32  Marine x2  
  88  15:35  Siege Tank  
  97  15:44  Banshee  
  97  15:49  Marine x2  
  102  15:50  Marine x2  
  102  15:52  Marauder  
  68  16:13  Marine  
Show
View Real Time Build Order
Export as new Build Order

Zimo Zerg 

Build Orders: Hatch First, Lurkers 

Get SALT Encoding   

  12  0:01  Drone  
  13  0:08  Drone  
  14  0:16  Overlord  
  14  0:35  Drone  
  14  0:36  Drone x2  
  17  0:59  Drone x2  
  17  1:03  Hatchery  
  18  1:07  Extractor  
  18  1:11  Drone  
  18  1:17  Spawning Pool  
  17  1:21  Drone  
  18  1:31  Overlord  
  18  1:45  Drone  
  19  1:52  Drone  
  20  2:13  Roach Warren  
  20  2:14  Drone x2  
  21  2:16  Drone  
  21  2:17  Queen  
  21  2:19  Queen  
  26  2:41  Drone x2  
  28  2:54  Roach x3  
  28  2:57  Drone  
  35  3:23  Drone  
  35  3:25  Overlord x2  
  35  3:27  Overlord x3  
  36  3:35  Evolution Chamber  
  36  3:40  Extractor  
  34  3:42  Drone x2  
  34  3:45  Drone x2  
  34  3:46  Drone x2  
  40  3:50  Drone x2  
  42  4:02  Lair  
  42  4:05  Zerg Missile Weapons Level 1  
  42  4:08  Drone  
  43  4:39  Drone x4  
  43  4:41  Drone x3  
  43  4:44  Extractor  
  43  4:45  Drone x3  
  52  5:07  Hydralisk Den  
  52  5:13  Evolution Chamber, Spore Crawler  
  49  5:16  Spore Crawler x2  
  49  5:21  Drone x3, Spore Crawler  
  49  5:22  Drone  
  49  5:25  Spore Crawler  
  49  5:27  Spore Crawler  
  48  5:42  Hydralisk x6  
  50  5:45  Hydralisk x4  
  60  6:25  Drone  
  60  6:26  Drone x3  
  60  6:27  Overlord x2  
  60  6:29  Zerg Missile Weapons Level 2  
  60  6:31  Zerg Ground Armor Level 1  
  64  6:34  Drone  
  64  6:35  Drone x2, Extractor  
  66  6:42  Drone x2  
  68  6:53  Muscular Augments  
  68  6:57  Hatchery  
  68  6:58  Hydralisk x2  
  71  7:03  Hydralisk  
  71  7:06  Zergling x10  
  78  7:24  Spine Crawler  
  78  7:25  Spore Crawler  
  78  7:28  Overlord x2  
  76  7:50  Hydralisk  
  78  7:51  Hydralisk x4  
  86  8:13  Hydralisk  
  86  8:14  Hydralisk x5  
  98  8:23  Drone x3  
  98  8:25  Drone x3  
  98  8:26  Queen  
  106  8:27  Drone x2  
  106  8:31  Overlord x4  
  106  8:33  Extractor  
  107  8:35  Extractor  
  106  8:48  Zerg Ground Armor Level 2  
  106  8:57  Infestation Pit  
  106  8:58  Drone x2  
  106  9:00  Hydralisk x4  
  115  9:09  Lurker Den  
  115  9:51  Spire  
  114  10:00  Drone x3  
  117  10:13  Hive  
  117  10:19  Hatchery  
  116  10:29  Hydralisk x5  
  116  10:30  Hydralisk x6  
  138  10:44  Overlord  
  138  10:46  Overlord x4  
  138  10:47  Overlord  
  138  11:08  Hydralisk  
  138  11:09  Hydralisk x9  
  158  11:27  Lurker x4  
  158  11:28  Lurker x2  
  138  13:12  Hydralisk x5  
  140  13:13  Hydralisk x10  
  74  13:50  Hydralisk  
  74  13:51  Hydralisk x4  
  51  14:26  Hydralisk  
  51  14:27  Hydralisk x2  
Tags
 
Add a new tag
Caveats
  • Supply blocks, unpowered buildings, or Contaminate may cause inaccurate times.
  • Supply counts are checked every 10 seconds.